[Event "Titled Tuesday Blitz August 08 Early 2023"]
[White "Swicarz, Maciej"]
[Black "Aslanov, Umid"]
[WhiteFideId "1113585"]
[BlackFideId "13412620"]
[WhiteElo "2427"]
[BlackElo "2594"]
[Result "0-1"]
[Round "4"]
[TimeControl "180+1"]
[Date "2023.08.08"]
[WhiteClock "0:00:22"]
[BlackClock "0:00:19"]
[Board "137"]

1. c4 e6 2. Nc3 d5 3. d4 Nf6 4. Nf3 c6 5. Bg5 Be7 6. e3 Nbd7 7. Rc1 O-O 8. h3 h6 9. Bf4 b6 10. Bd3 Bb7 11. O-O Rc8 12. a3 c5 13. cxd5 exd5 14. Bb1 Ne4 15. Nb5 a6 16. Nc3 Re8 17. Ne5 Nxe5 18. Bxe5 Bf6 19. Bxf6 Qxf6 20. dxc5 Nxc3 21. Rxc3 bxc5 22. Rd3 Ba8 23. Qd2 Qg5 24. f4 Qe7 25. Ba2 c4 26. Rc3 Qa7 27. Bb1 Re7 28. Rf3 d4 29. exd4 Bxf3 30. Rxf3 Rd8 31. Qc2 Qxd4+ 32. Kh2 g6 33. f5 Qe5+ 34. Kg1 Qe1+ 35. Kh2 Qe5+ 36. Kg1 Red7 37. fxg6 Rd1+ 38. Rf1 Qc5+ 39. Kh2 Qd6+ 40. Kg1 Rxf1+ 41. Kxf1 Qd1+ 42. Kf2 Qxc2+ 43. Bxc2 Rd2+ 0-1


[Site "https://www.chess.com"]

[Event "Titled Tuesday Blitz August 08 Early 2023"]
[White "Prokofiev, Valentyn"]
[Black "Ladan, Nicholas"]
[WhiteFideId "14160161"]
[BlackFideId "30918855"]
[WhiteElo "2588"]
[BlackElo "2432"]
[Result "1-0"]
[Round "4"]
[TimeControl "180+1"]
[Date "2023.08.08"]
[WhiteClock "0:01:04"]
[BlackClock "0:00:34"]
[Board "138"]

1. Nf3 d5 2. c4 c6 3. d4 Nf6 4. Qc2 g6 5. cxd5 cxd5 6. Nc3 Nc6 7. Bf4 Bg7 8. e3 O-O 9. Be2 Bf5 10. Qb3 Na5 11. Qb4 Nh5 12. Be5 f6 13. Bg3 Nxg3 14. hxg3 Be6 15. O-O Bf7 16. Rfc1 e5 17. Na4 e4 18. Nd2 b6 19. Ba6 Re8 20. Qa3 Qd7 21. b3 h5 22. Nc3 Qe7 23. Qxe7 Rxe7 24. Ne2 g5 25. b4 Nc4 26. Nxc4 dxc4 27. Bxc4 f5 28. Bxf7+ Kxf7 29. Rc6 h4 30. gxh4 gxh4 31. Nf4 Rd8 32. Rac1 Rdd7 33. b5 Bf8 34. Ng6 Re8 35. Ne5+ Rxe5 36. dxe5 Rd2 37. Rf6+ Ke7 38. Rc8 f4 39. Rfxf8 a5 40. Rce8+ Kd7 41. Rd8+ Ke6 42. Rxd2 fxe3 43. fxe3 a4 44. Kh2 a3 45. Kh3 Ke7 46. Rf4 Ke6 47. Kxh4 Ke7 48. g4 Ke6 49. g5 Ke7 50. g6 Ke6 51. g7 Kxe5 52. g8=R Ke6 53. Re8# 1-0


[Site "https://www.chess.com"]

[Event "Titled Tuesday Blitz August 08 Early 2023"]
[White "Jumanov, Elbek"]
[Black "Tatarinov, Dmitry"]
[WhiteFideId "14202905"]
[BlackFideId "24160067"]
[WhiteElo "2415"]
[BlackElo "2586"]
[Result "1-0"]
[Round "4"]
[TimeControl "180+1"]
[Date "2023.08.08"]
[WhiteClock "0:00:12"]
[BlackClock "0:01:42"]
[Board "139"]

1. c4 Nf6 2. Nf3 e6 3. g3 d5 4. d4 Bb4+ 5. Bd2 Be7 6. Bg2 O-O 7. O-O c6 8. Bf4 a5 9. Nc3 dxc4 10. Ne5 Nd5 11. Nxc4 Nxf4 12. gxf4 Nd7 13. e3 Nf6 14. Rc1 Nd5 15. Qe2 a4 16. a3 b6 17. Rfd1 Ba6 18. Ne4 Rc8 19. Qc2 Bxc4 20. Qxc4 b5 21. Qe2 Qb6 22. Nc5 Rfd8 23. Rc2 g6 24. Rdc1 Bf8 25. Nd3 Bg7 26. Ne5 Bxe5 27. fxe5 b4 28. Rc5 bxa3 29. bxa3 Qb3 30. Bxd5 Rxd5 31. R5c3 Qb6 32. Qc2 Kg7 33. Qxa4 c5 34. dxc5 Rcxc5 35. Rxc5 Rxc5 36. Rxc5 Qxc5 37. Qb3 Qxe5 38. a4 h5 39. Qb4 Kh7 40. a5 g5 41. Qb6 h4 42. a6 h3 43. Qb1+ Kg7 44. a7 Qd5 45. Qa1+ Kg6 46. a8=Q 1-0


[Site "https://www.chess.com"]

[Event "Titled Tuesday Blitz August 08 Early 2023"]
[White "Krutko, Anatoly"]
[Black "Smiechu"]
[WhiteFideId "4185862"]
[WhiteElo "2580"]
[BlackElo "2379"]
[Result "1-0"]
[Round "4"]
[TimeControl "180+1"]
[Date "2023.08.08"]
[WhiteClock "0:00:16"]
[BlackClock "0:00:00"]
[Board "140"]

1. Nf3 Nf6 2. g3 g6 3. Bg2 c5 4. O-O Bg7 5. c3 O-O 6. d4 cxd4 7. cxd4 d6 8. Nc3 Nc6 9. e4 e5 10. d5 Ne7 11. a4 Nh5 12. a5 f5 13. exf5 gxf5 14. Nxe5 Nxg3 15. hxg3 Bxe5 16. Bg5 f4 17. Ne4 Qe8 18. gxf4 Bxf4 19. Nf6+ Rxf6 20. Bxf6 Ng6 21. Qd4 Qf7 22. Rae1 Bd7 23. Re6 Rf8 24. Rfe1 Bxe6 25. dxe6 Qxf6 26. Qxf6 Rxf6 27. e7 Nxe7 28. Rxe7 Be5 29. Bd5+ Kf8 30. Rxb7 Bd4 31. b4 Rxf2 32. Kh1 h5 33. b5 Rb2 34. b6 Bxb6 35. axb6 axb6 36. Rf7+ Ke8 37. Rh7 b5 38. Kg1 b4 39. Rxh5 Kd7 40. Kf1 Kc7 41. Ke1 Kb6 42. Kd1 Kc5 43. Kc1 Rf2 44. Bg8+ Kd4 45. Rh4+ Kc5 46. Rh5+ Kd4 47. Rh4+ Kc5 48. Rc4+ Kb5 49. Rc8 Rg2 50. Bc4+ Kb6 51. Bd5 Rh2 52. Rc6+ Kb5 53. Rc7 Kb6 54. Rc8 Kb5 55. Kb1 Kb6 56. Bb3 Kb5 57. Rd8 Rd2 58. Kc1 Rd3 59. Kc2 Rc3+ 60. Kb2 Rd3 61. Rc8 Kb6 62. Rh8 Kb5 63. Rh4 Kb6 64. Bc4 Rg3 65. Bd5 Kc5 66. Bb7 d5 67. Rh5 Rd3 68. Kc2 Rc3+ 69. Kd2 Rg3 70. Bxd5 Kd4 71. Bb7 b3 72. Rd5+ Kc4 73. Rd8 Rh3 74. Ba6+ Kb4 75. Rb8+ Ka3 76. Bd3 b2 77. Kc3 1-0


[Site "https://www.chess.com"]

[Event "Titled Tuesday Blitz August 08 Early 2023"]
[White "Semenenko, Dmytry"]
[Black "Maus7"]
[WhiteFideId "14118645"]
[WhiteElo "2409"]
[BlackElo "2571"]
[Result "1/2-1/2"]
[Round "4"]
[TimeControl "180+1"]
[Date "2023.08.08"]
[WhiteClock "0:00:24"]
[BlackClock "0:00:02"]
[Board "141"]

1. Nf3 d5 2. c4 e6 3. d4 Nf6 4. Nc3 Bb4 5. e3 O-O 6. Bd3 dxc4 7. Bxc4 c5 8. O-O cxd4 9. Nxd4 Nbd7 10. a3 Be7 11. e4 Qc7 12. Bd3 a6 13. Bg5 h6 14. Bh4 b5 15. Bg3 Qb6 16. e5 Ne8 17. Be4 Bb7 18. Bxb7 Qxb7 19. Qg4 Nc7 20. Rfd1 Nb6 21. Ne4 Nbd5 22. Nd6 Qb6 23. Rac1 Rad8 24. Rxc7 Nxc7 25. Bf4 Kh7 26. Qh5 Nd5 27. Bg3 g6 28. Qf3 h5 29. h4 Rd7 30. Qe4 f5 31. Qe2 f4 32. Nxe6 fxg3 33. Nxf8+ Bxf8 34. Rxd5 gxf2+ 35. Qxf2 Qxf2+ 36. Kxf2 Bxd6 37. Rxd6 Ra7 38. Ke3 Kg7 39. Ke4 Kf7 40. Kd5 a5 41. Kc5 b4 42. axb4 axb4 43. Kxb4 Re7 44. Rd5 Rc7 45. Kb3 Rc1 46. Rd2 Ke6 47. Re2 Rf1 48. Kb4 Rf4+ 49. Kc5 Rxh4 50. b4 Rh1 51. b5 Rc1+ 52. Kb6 g5 53. Kb7 h4 54. b6 g4 55. Kb8 Kd7 56. e6+ Ke7 57. b7 g3 58. Re4 h3 59. gxh3 g2 60. Rg4 g1=Q 61. Rxg1 Rxg1 62. Ka7 Ra1+ 63. Kb6 Rb1+ 64. Kc7 Rc1+ 65. Kb6 Rb1+ 66. Ka7 Ra1+ 67. Kb8 Kxe6 68. Kc8 Rc1+ 69. Kd8 Rb1 70. Kc8 Rc1+ 71. Kd8 Rd1+ 72. Kc8 Rc1+ 1/2-1/2


[Site "https://www.chess.com"]

[Event "Titled Tuesday Blitz August 08 Early 2023"]
[White "Mazurkiewicz, Michal"]
[Black "Veiga, Jose Francisco R P Neves"]
[WhiteFideId "1124943"]
[BlackFideId "1930087"]
[WhiteElo "2368"]
[BlackElo "2558"]
[Result "1-0"]
[Round "4"]
[TimeControl "180+1"]
[Date "2023.08.08"]
[WhiteClock "0:00:49"]
[BlackClock "0:01:34"]
[Board "142"]

1. e4 e5 2. Nf3 Nc6 3. Bb5 a6 4. Bxc6 dxc6 5. O-O Ne7 6. Nxe5 Qd4 7. Qh5 g6 8. Nf3 Qxe4 9. Nc3 Qe6 10. Qh4 Bg7 11. Re1 Qf6 12. Qb4 Qd6 13. Qh4 Bf5 14. d4 h6 15. Ne4 Bxe4 16. Qxe4 Rd8 17. Bf4 Qd7 18. Rad1 g5 19. Be5 f6 20. Bxf6 Bxf6 21. Qg6+ Kf8 22. Qxf6+ Ke8 23. Ne5 Qd5 24. Ng6 Rh7 25. Rxe7+ 1-0


[Site "https://www.chess.com"]

[Event "Titled Tuesday Blitz August 08 Early 2023"]
[White "KorolDimitriy75"]
[Black "Souleidis, Georgios"]
[BlackFideId "4206827"]
[WhiteElo "2373"]
[BlackElo "2553"]
[Result "1-0"]
[Round "4"]
[TimeControl "180+1"]
[Date "2023.08.08"]
[WhiteClock "0:00:35"]
[BlackClock "0:00:06"]
[Board "143"]

1. d4 Nf6 2. c4 g6 3. Nc3 Bg7 4. e4 d6 5. Nf3 O-O 6. Be2 e5 7. dxe5 dxe5 8. Qxd8 Rxd8 9. Bg5 c6 10. Nxe5 Re8 11. O-O-O Na6 12. Rd6 Be6 13. f4 h6 14. Bh4 Nc5 15. Bf3 g5 16. Bf2 Na6 17. g3 Bf8 18. Rd2 Bc5 19. Bxc5 Nxc5 20. b4 Na6 21. a3 Nc7 22. Rhd1 a5 23. b5 Rac8 24. Kb2 cxb5 25. Nxb5 Nxb5 26. cxb5 Rc5 27. a4 Kf8 28. Rd8 Rc8 29. Rxc8 Rxc8 30. f5 g4 31. Bg2 Bxf5 32. exf5 Rc5 33. Nd7+ Nxd7 34. Rxd7 b6 35. f6 Kg8 36. Rd8+ Kh7 37. Be4+ 1-0


[Site "https://www.chess.com"]

[Event "Titled Tuesday Blitz August 08 Early 2023"]
[White "Pratama, Constantius Leonardo"]
[Black "Lacasa Diaz, Jose Antonio"]
[WhiteFideId "7104677"]
[BlackFideId "2203375"]
[WhiteElo "2553"]
[BlackElo "2368"]
[Result "0-1"]
[Round "4"]
[TimeControl "180+1"]
[Date "2023.08.08"]
[WhiteClock "0:00:00"]
[BlackClock "0:00:21"]
[Board "144"]

1. e4 c5 2. Nc3 e6 3. Bc4 Nc6 4. f4 Nge7 5. Bb3 d5 6. d3 b5 7. exd5 exd5 8. Nf3 c4 9. dxc4 dxc4 10. Qxd8+ Kxd8 11. Nxb5 cxb3 12. Ng5 Be6 13. axb3 h6 14. Nxe6+ fxe6 15. Be3 Nd5 16. Bxa7 Nxa7 17. Rxa7 Rxa7 18. Nxa7 Nxf4 19. g3 Nd5 20. Kd2 Bc5 21. Nc6+ Kc7 22. Ne5 Rf8 23. Nd3 Bd6 24. Ra1 Kb7 25. c3 Nf6 26. b4 Ng4 27. h3 Nf2 28. Re1 Nxd3 29. Kxd3 Rf3+ 30. Kd4 e5+ 31. Kd5 Bc7 32. c4 Rd3+ 33. Ke6 Rxg3 34. b5 Kb6 35. Ra1 Kc5 36. Ra6 Rg6+ 37. Kd7 Rxa6 38. bxa6 Bb6 39. Kc8 e4 40. Kb7 e3 41. b4+ Kxc4 42. Kxb6 e2 43. a7 e1=Q 44. a8=Q Qxb4+ 45. Kc7 Qe7+ 46. Kb6 Qc5+ 0-1


[Site "https://www.chess.com"]

[Event "Titled Tuesday Blitz August 08 Early 2023"]
[White "Kanyamarala, Trisha"]
[Black "Shvedova, Alexandra"]
[WhiteFideId "45004722"]
[BlackFideId "54154782"]
[WhiteElo "2367"]
[BlackElo "2551"]
[Result "0-1"]
[Round "4"]
[TimeControl "180+1"]
[Date "2023.08.08"]
[WhiteClock "0:00:04"]
[BlackClock "0:00:27"]
[Board "145"]

1. b3 Nf6 2. Bb2 d5 3. g3 g6 4. Bg2 Bg7 5. Nf3 O-O 6. O-O c5 7. d4 Ne4 8. Nbd2 Nc6 9. Ne5 Nxd4 10. Bxd4 cxd4 11. Nd3 Nc3 12. Qe1 e5 13. Nb1 e4 14. Nxc3 dxc3 15. Nc1 Qe7 16. e3 Bd7 17. Ne2 Rac8 18. Rd1 Be6 19. Nd4 Rfd8 20. Qe2 h5 21. f3 exf3 22. Bxf3 Bh3 23. Rfe1 Qe5 24. Qf2 Rd7 25. Ne2 Bf5 26. Nf4 Be4 27. Nd3 Qe6 28. Nf4 Qf5 29. Bxe4 dxe4 30. Rxd7 Qxd7 31. Qe2 Rd8 32. Ng2 Qd2 33. Nf4 a6 34. Ng2 Qxe2 35. Rxe2 Rd1+ 36. Kf2 Ra1 37. a4 b5 38. axb5 axb5 39. Nf4 Be5 40. Nd5 Kg7 41. Ne7 h4 42. Nc6 hxg3+ 43. hxg3 Bd6 44. Nd4 b4 45. Nb5 Be5 46. Nd4 Rh1 47. Kg2 Rd1 48. Nc6 Bd6 49. Na7 Rd2 50. Kf1 Bxg3 51. Nc6 Rd1+ 52. Kg2 Bd6 53. Rf2 f5 54. Nd4 Kf6 55. Nb5 Be5 56. Na7 g5 57. Nc6 Bd6 58. Nd4 f4 59. exf4 Rxd4 60. fxg5+ Kxg5 61. Re2 Rd2 62. Kf1 Rxe2 63. Kxe2 Kf4 64. Kf2 e3+ 65. Ke2 Ke4 66. Ke1 Kf3 67. Kf1 e2+ 68. Ke1 Bg3# 0-1


[Site "https://www.chess.com"]

[Event "Titled Tuesday Blitz August 08 Early 2023"]
[White "Gauravthegm"]
[Black "LeoLV10"]
[WhiteElo "2338"]
[BlackElo "2545"]
[Result "0-1"]
[Round "4"]
[TimeControl "180+1"]
[Date "2023.08.08"]
[WhiteClock "0:00:13"]
[BlackClock "0:00:29"]
[Board "146"]

1. e4 c5 2. Nc3 e6 3. g3 b6 4. Bg2 Bb7 5. d3 Nc6 6. Nge2 Nge7 7. O-O g6 8. Be3 Bg7 9. f4 O-O 10. Kh1 d5 11. Bd2 Qd7 12. Qe1 Rad8 13. Rb1 dxe4 14. Nxe4 Nd5 15. Qf2 Nd4 16. Nxd4 Bxd4 17. Qe2 Bg7 18. Nc3 Rfe8 19. Ne4 Rc8 20. Ng5 Ba6 21. c4 Ne7 22. Bc3 Nf5 23. Bxg7 Kxg7 24. Nf3 f6 25. Rbd1 Bb7 26. Rfe1 Bxf3 27. Bxf3 Nd4 28. Qg2 Qd6 29. Be4 Rc7 30. b3 Rce7 31. Rf1 f5 32. Bf3 e5 33. fxe5 Rxe5 34. Bd5 Re2 35. Rf2 R2e3 36. Rfd2 R8e7 37. Rf1 Re1 38. Qf2 R1e3 39. g4 Re2 40. Rxe2 Rxe2 41. Qh4 f4 42. g5 Nf5 43. Qxf4 Qxf4 44. Rxf4 Rxa2 45. Be4 Ne3 46. h4 Rb2 47. Bc6 Rxb3 48. Re4 Nf5 49. Bd7 Ng3+ 50. Kg2 Nxe4 51. dxe4 a5 0-1


[Site "https://www.chess.com"]

[Event "Titled Tuesday Blitz August 08 Early 2023"]
[White "Camilla_Lee"]
[Black "Vaglio Munoz, Jaime"]
[BlackFideId "6500145"]
[WhiteElo "2544"]
[BlackElo "2243"]
[Result "1-0"]
[Round "4"]
[TimeControl "180+1"]
[Date "2023.08.08"]
[WhiteClock "0:00:41"]
[BlackClock "0:00:00"]
[Board "147"]

1. e4 c5 2. Nf3 Qa5 3. c4 Nc6 4. Nc3 g6 5. g3 Bg7 6. Bg2 d6 7. O-O Bg4 8. h3 Bxf3 9. Qxf3 Nd4 10. Qd1 Nf6 11. d3 O-O 12. a3 Rab8 13. Rb1 a6 14. b4 Qc7 15. Be3 e5 16. f4 Nh5 17. Kh2 exf4 18. gxf4 f5 19. Nd5 Qd8 20. bxc5 dxc5 21. e5 g5 22. Qxh5 Ne6 23. fxg5 f4 24. Be4 Nxg5 25. Bxf4 Rxf4 26. Rxf4 Bxe5 27. Bxh7+ Kg7 28. Rg1 Qd6 29. Rxg5+ Kh8 30. Bf5+ 1-0


[Site "https://www.chess.com"]

[Event "Titled Tuesday Blitz August 08 Early 2023"]
[White "Shukhman, Anna"]
[Black "Aepfler, Christian"]
[WhiteFideId "54180058"]
[BlackFideId "4628306"]
[WhiteElo "2528"]
[BlackElo "2086"]
[Result "1-0"]
[Round "4"]
[TimeControl "180+1"]
[Date "2023.08.08"]
[WhiteClock "0:01:27"]
[BlackClock "0:00:55"]
[Board "148"]

1. e4 e6 2. d4 d5 3. Nc3 dxe4 4. Nxe4 Bd7 5. Bd3 Bc6 6. Nf3 Nd7 7. Qe2 Ngf6 8. Ng3 Be7 9. Bd2 Bxf3 10. Qxf3 O-O 11. O-O-O c5 12. dxc5 Nxc5 13. Bc3 Nxd3+ 14. Rxd3 Qc7 15. Re1 Rac8 16. Qe2 Nd5 17. Rxd5 exd5 18. Qxe7 Qf4+ 19. Qe3 Qg4 20. h3 Qg6 21. Qe5 Rfd8 22. Nf5 1-0


[Site "https://www.chess.com"]

[Event "Titled Tuesday Blitz August 08 Early 2023"]
[White "Mitrovic, Darko R"]
[Black "Megaranto, Susanto"]
[WhiteFideId "927023"]
[BlackFideId "7101384"]
[WhiteElo "2145"]
[BlackElo "2970"]
[Result "0-1"]
[Round "4"]
[TimeControl "180+1"]
[Date "2023.08.08"]
[WhiteClock "0:00:00"]
[BlackClock "0:01:35"]
[Board "149"]

1. d4 Nf6 2. Nf3 e6 3. g3 b5 4. Bg2 Bb7 5. O-O Be7 6. a4 b4 7. c4 O-O 8. b3 a5 9. Nbd2 c5 10. Bb2 cxd4 11. Nxd4 Bxg2 12. Kxg2 d5 13. Nb5 Nc6 14. Rc1 Rc8 15. e3 Nd7 16. cxd5 exd5 17. Nf3 Nc5 18. Nfd4 Nxd4 19. Bxd4 Ne6 20. Qd2 Qd7 21. Rxc8 Rxc8 22. Rc1 Ng5 23. Rxc8+ Qxc8 24. Qd1 Qh3+ 25. Kg1 h5 26. f4 Ne4 27. Bb6 h4 28. Qf1 Qg4 29. Bxa5 hxg3 30. hxg3 Qxg3+ 31. Qg2 Qxe3+ 32. Kh1 Qxf4 33. Bb6 Qh4+ 34. Kg1 Qe1+ 35. Kh2 Bf6 36. a5 Be5+ 37. Kh3 Qd1 0-1


[Site "https://www.chess.com"]

[Event "Titled Tuesday Blitz August 08 Early 2023"]
[White "Zelbel, Patrick"]
[Black "Rom, Jasper"]
[WhiteFideId "24624322"]
[BlackFideId "2023733"]
[WhiteElo "2756"]
[BlackElo "2418"]
[Result "1-0"]
[Round "4"]
[TimeControl "180+1"]
[Date "2023.08.08"]
[WhiteClock "0:01:23"]
[BlackClock "0:00:00"]
[Board "150"]

1. e4 e6 2. b3 d5 3. Bb2 Nc6 4. d3 dxe4 5. Nd2 exd3 6. Bxd3 Nf6 7. Ngf3 Be7 8. O-O O-O 9. a3 Nd5 10. Re1 Bf6 11. Bxf6 Nxf6 12. Qe2 Nd4 13. Nxd4 Qxd4 14. Nf3 Qg4 15. Qe5 Bd7 16. h3 Qh5 17. Qxc7 Bc6 18. Ne5 Bd5 19. c4 Rfc8 20. Qe7 Re8 21. Qb4 Bc6 22. Rad1 Rad8 23. Nxc6 bxc6 24. Be2 Qg5 25. Bf3 c5 26. Qa5 Rxd1 27. Rxd1 e5 28. Qxc5 h6 29. Re1 Qf4 30. Qe3 Qf5 31. Bc6 Re7 32. Qc5 Re6 33. Bd5 Re8 34. Qxa7 e4 35. Bxf7+ 1-0


[Site "https://www.chess.com"]

[Event "Titled Tuesday Blitz August 08 Early 2023"]
[White "Rangel, Daniel"]
[Black "Skvortsov, Andrei"]
[WhiteFideId "2124475"]
[BlackFideId "24108600"]
[WhiteElo "2417"]
[BlackElo "2726"]
[Result "0-1"]
[Round "4"]
[TimeControl "180+1"]
[Date "2023.08.08"]
[WhiteClock "0:00:00"]
[BlackClock "0:00:56"]
[Board "151"]

1. d4 Nf6 2. c4 g6 3. Nc3 Bg7 4. e4 O-O 5. Nf3 d6 6. Be2 Na6 7. O-O Bg4 8. h3 Bxf3 9. Bxf3 c5 10. d5 Nc7 11. Bf4 Nd7 12. g3 a6 13. a4 b5 14. axb5 Nb6 15. bxa6 Nxc4 16. Qb3 Ne5 17. Be2 Qd7 18. Kg2 Rfb8 19. Qc2 Qc8 20. Bxe5 Bxe5 21. f4 Bd4 22. f5 Nxa6 23. fxg6 hxg6 24. Bg4 Qb7 25. Rab1 Nb4 26. Qe2 Rf8 27. Rf4 Qa6 28. Qf3 Qd3 29. Rf1 Qxf3+ 30. R4xf3 Kg7 31. b3 Be5 32. Nb5 Nc2 33. h4 Rab8 34. Nc7 Nd4 35. Rd3 Rxb3 36. Rxb3 Nxb3 37. Rb1 Nd2 38. Rb7 Nxe4 39. h5 Nf6 40. Kf3 gxh5 41. Bf5 c4 42. Nb5 Nxd5 43. Be4 e6 44. Bxd5 exd5 45. Nc7 c3 46. Nxd5 Rc8 47. Rc7 Rxc7 48. Nxc7 c2 0-1


[Site "https://www.chess.com"]

[Event "Titled Tuesday Blitz August 08 Early 2023"]
[White "splendidkid"]
[Black "Psychonerd5"]
[WhiteElo "2725"]
[BlackElo "2416"]
[Result "1-0"]
[Round "4"]
[TimeControl "180+1"]
[Date "2023.08.08"]
[WhiteClock "0:00:50"]
[BlackClock "0:00:00"]
[Board "152"]

1. d4 Nf6 2. c4 e6 3. Nf3 b6 4. g3 Ba6 5. Qc2 Bb4+ 6. Bd2 Be7 7. Bg2 d5 8. Ne5 O-O 9. O-O c5 10. dxc5 bxc5 11. cxd5 exd5 12. Bf4 Nh5 13. Nc3 Nxf4 14. gxf4 Bb7 15. Rad1 Na6 16. Nxd5 Bh4 17. Qb3 Rb8 18. Qh3 Bc8 19. Qa3 Qe8 20. Kh1 f6 21. Nf3 g5 22. Qa5 Qxe2 23. Nxf6+ Rxf6 24. Qd8+ Rf8 25. Qd5+ Be6 26. Qd6 1-0


[Site "https://www.chess.com"]

[Event "Titled Tuesday Blitz August 08 Early 2023"]
[White "Bogaudinov, Rushan"]
[Black "Hulka, Valentyn"]
[WhiteFideId "4129288"]
[BlackFideId "34107061"]
[WhiteElo "2415"]
[BlackElo "2717"]
[Result "0-1"]
[Round "4"]
[TimeControl "180+1"]
[Date "2023.08.08"]
[WhiteClock "0:00:00"]
[BlackClock "0:00:11"]
[Board "153"]

1. d4 Nf6 2. c4 e6 3. Nf3 d5 4. e3 Be7 5. Nc3 O-O 6. Be2 c5 7. O-O cxd4 8. Nxd4 b6 9. cxd5 exd5 10. b3 Bb7 11. Bb2 Ne4 12. Nxe4 dxe4 13. Nf5 Bf6 14. Qxd8 Rxd8 15. Bxf6 gxf6 16. Rfd1 Nd7 17. Rd6 Ne5 18. Rxf6 Rd2 19. Bh5 Rad8 20. h3 Bc8 21. Ng3 Bb7 22. Rc1 R8d7 23. Rf5 Nd3 24. Rc4 Nb2 25. Rxe4 Bxe4 26. Nxe4 Rd1+ 27. Bxd1 Rxd1+ 28. Kh2 Nd3 29. Kg3 Kg7 30. h4 Nc1 31. Ng5 f6 32. Ne6+ Kf7 33. Nf4 Nxa2 34. Nh5 Rd6 35. e4 Re6 36. f3 Nc1 37. b4 a6 38. Nf4 Rc6 39. e5 Ke7 40. exf6+ Kf7 41. Kg4 Na2 42. Kg5 Nxb4 43. Re5 Rxf6 44. Nh5 Rg6+ 45. Kf5 Nc6 46. Re2 Nd4+ 47. Ke5 Nxe2 48. g4 a5 0-1


[Site "https://www.chess.com"]

[Event "Titled Tuesday Blitz August 08 Early 2023"]
[White "Nava, Roderick"]
[Black "Cheer_Down"]
[WhiteFideId "5201730"]
[WhiteElo "2661"]
[BlackElo "2414"]
[Result "1-0"]
[Round "4"]
[TimeControl "180+1"]
[Date "2023.08.08"]
[WhiteClock "0:01:08"]
[BlackClock "0:00:46"]
[Board "154"]

1. e4 c5 2. Nc3 d6 3. f4 g6 4. Nf3 Bg7 5. Bc4 e6 6. O-O Nc6 7. f5 exf5 8. d3 Be6 9. Bxe6 fxe6 10. exf5 exf5 11. Re1+ Ne5 12. Bf4 Ne7 13. Kh1 N7c6 14. d4 cxd4 15. Nxd4 O-O 16. Ne6 Qh4 17. Bg3 Qb4 18. Nxf8 Rxf8 19. Nd5 Qxb2 20. Rb1 Qxa2 21. Rxb7 f4 22. Nxf4 Kh8 23. Qxd6 Qxc2 24. Rxg7 Kxg7 25. Ne6+ 1-0


[Site "https://www.chess.com"]

[Event "Titled Tuesday Blitz August 08 Early 2023"]
[White "Goh, Wei Ming Kevin"]
[Black "Khromkin, Andrey"]
[WhiteFideId "5800706"]
[BlackFideId "4154126"]
[WhiteElo "2651"]
[BlackElo "2412"]
[Result "1-0"]
[Round "4"]
[TimeControl "180+1"]
[Date "2023.08.08"]
[WhiteClock "0:00:38"]
[BlackClock "0:00:00"]
[Board "155"]

1. e4 c5 2. Nf3 Nc6 3. b4 cxb4 4. d4 e6 5. a3 bxa3 6. Bxa3 Bxa3 7. Nxa3 d5 8. e5 Qa5+ 9. Qd2 Qxd2+ 10. Kxd2 Nge7 11. Bd3 O-O 12. Nb5 f6 13. Rhe1 fxe5 14. dxe5 Bd7 15. Nd6 b6 16. c3 Rad8 17. h4 Be8 18. Nb5 Bh5 19. Ng5 Rxf2+ 20. Ke3 Rxg2 21. Nxe6 d4+ 22. cxd4 Nd5+ 23. Ke4 Rg4+ 24. Kf3 Rg6+ 25. Kf2 Rxe6 26. Bc4 Nce7 27. Rxa7 Bf7 28. Nd6 Rf8 29. Kg1 Rg6+ 30. Kh1 b5 31. Bb3 Rg4 32. Rf1 Rxh4+ 33. Kg1 Rg4+ 34. Kh2 Rh4+ 35. Kg3 Rxd4 36. Nxf7 Rxf7 37. Ra8+ 1-0


[Site "https://www.chess.com"]

[Event "Titled Tuesday Blitz August 08 Early 2023"]
[White "Escudero Donoso, Felipe"]
[Black "Piesik, Piotr"]
[WhiteFideId "3410595"]
[BlackFideId "1136194"]
[WhiteElo "2411"]
[BlackElo "2647"]
[Result "0-1"]
[Round "4"]
[TimeControl "180+1"]
[Date "2023.08.08"]
[WhiteClock "0:00:10"]
[BlackClock "0:01:00"]
[Board "156"]

1. d4 c5 2. d5 e5 3. c4 d6 4. Nc3 Be7 5. Nf3 a6 6. e4 Bg4 7. Be2 Bxf3 8. Bxf3 Bg5 9. g3 Bxc1 10. Rxc1 Ne7 11. h4 O-O 12. h5 f5 13. h6 g6 14. Bg2 Nd7 15. O-O f4 16. Bh3 Kh8 17. Be6 Ng8 18. Qg4 Ndf6 19. Qh3 Nh5 20. g4 Qg5 21. Kh2 Nhf6 22. f3 Nxh6 23. Kg2 Nf7 24. Rh1 Kg7 25. Rb1 h5 26. Kf2 hxg4 27. fxg4 Rh8 28. Qf3 Rh4 29. b4 Nxg4+ 30. Ke2 Rah8 31. Rxh4 Rxh4 32. bxc5 Rh2+ 33. Kd3 Nf2+ 34. Kc2 Nxe4+ 35. Kb3 Nd2+ 0-1


[Site "https://www.chess.com"]

[Event "Titled Tuesday Blitz August 08 Early 2023"]
[White "Kleiman, Jake"]
[Black "Avazkhonov, Alikhon"]
[WhiteFideId "2020041"]
[BlackFideId "14208504"]
[WhiteElo "2643"]
[BlackElo "2409"]
[Result "1-0"]
[Round "4"]
[TimeControl "180+1"]
[Date "2023.08.08"]
[WhiteClock "0:00:30"]
[BlackClock "0:00:02"]
[Board "157"]

1. d4 d5 2. Bf4 e6 3. e3 Bd6 4. Bg3 Nf6 5. Nd2 O-O 6. Bd3 c5 7. c3 Nc6 8. f4 b6 9. Ngf3 Bb7 10. O-O Ne7 11. Ne5 Nf5 12. Bf2 Be7 13. a4 a5 14. Kh1 Nd6 15. Bh4 Nfe4 16. Bxe7 Qxe7 17. Qe2 f6 18. Nef3 Nxd2 19. Qxd2 Ba6 20. Bxa6 Rxa6 21. Qe2 Raa8 22. Nd2 e5 23. fxe5 fxe5 24. dxc5 bxc5 25. e4 Qb7 26. exd5 Qxd5 27. Rfe1 e4 28. Rad1 Rae8 29. Nf1 Qc6 30. Ne3 Nf5 31. Qc4+ Kh8 32. Nxf5 Rxf5 33. Rxe4 Ref8 34. h3 h6 35. Rde1 Rf2 36. b3 Qg6 37. Rg4 Qc6 38. Rg3 Qc7 39. Qg4 Rf1+ 40. Rxf1 Rxf1+ 41. Kh2 Rc1 42. Qf3 Rb1 43. Qf8+ Kh7 44. Qf5+ Kh8 45. Qxb1 1-0


[Site "https://www.chess.com"]

[Event "Titled Tuesday Blitz August 08 Early 2023"]
[White "Molina Carretero, Daniel"]
[Black "Ovchinnikov, Vsevolod"]
[WhiteFideId "32071914"]
[BlackFideId "24176842"]
[WhiteElo "2409"]
[BlackElo "2635"]
[Result "1-0"]
[Round "4"]
[TimeControl "180+1"]
[Date "2023.08.08"]
[WhiteClock "0:00:33"]
[BlackClock "0:00:15"]
[Board "158"]

1. c4 Nf6 2. g3 d5 3. cxd5 Nxd5 4. Bg2 g6 5. Nc3 Nb6 6. Nf3 Bg7 7. O-O Nc6 8. b3 O-O 9. Bb2 Bg4 10. d3 Re8 11. Rc1 Rb8 12. h3 Bf5 13. Nd2 Bd7 14. Kh2 Nd4 15. e3 Ne6 16. Qe2 c5 17. Rfd1 Nc8 18. Na4 Bxa4 19. Bxg7 Kxg7 20. bxa4 Nd6 21. Nb3 b6 22. a5 Qd7 23. Qb2+ Kg8 24. axb6 axb6 25. h4 h5 26. Qe5 f6 27. Qd5 Kh7 28. Be4 f5 29. Bg2 Red8 30. a4 Nc7 31. Qe5 Nf7 32. Qa1 Ne6 33. a5 Rdc8 34. axb6 Rxb6 35. Nd2 Rd6 36. Bf1 Nh6 37. Nc4 Ng4+ 38. Kg1 Rd5 39. Qc3 Qd8 40. Bg2 Rd7 41. Bf3 Nf6 42. Ne5 Rdc7 43. Qc4 Qd6 44. Nf7 Qd7 45. Qxe6 Qxe6 46. Ng5+ Kh6 47. Nxe6 Rd7 48. Nxc5 Rdc7 49. d4 Ne8 50. Nd3 Nd6 51. Rxc7 Rxc7 52. Rc1 Ra7 53. Kg2 Ra3 54. Ne5 Ra7 55. Rc6 Kg7 56. Rc5 Kh6 57. Nc6 Rc7 58. Re5 Nc8 59. Re6 Kg7 60. d5 Nd6 61. Rxe7+ Rxe7 62. Nxe7 Kf6 63. Nc6 Nc4 64. Kf1 Nd6 65. Ke2 Nc4 66. Kd3 Nd6 67. Be2 Nf7 68. f4 Nd6 69. Bf3 Kf7 70. e4 fxe4+ 71. Bxe4 Kf6 72. Ne5 1-0


[Site "https://www.chess.com"]